 Dungeon Crawl Stone Soup version 0.26-a0-79-g47e9afce7f (webtiles) character file.

Game seed: 3589274902089219909

48 vurker the Vexing (level 4, 0/33 HPs)
             Began as a Formicid Arcane Marksman on June 15, 2020.
             Slain by a gnoll
             ... wielding a +0 spear
              (4 damage)
             ... on level 2 of the Dungeon.
             The game lasted 00:01:18 (1188 turns).

vurker the Vexing (Formicid Arcane Marksman)        Turns: 1188, Time: 00:01:18

Health: 0/33       AC:  2    Str: 15    XL:     4   Next: 0%
Magic:  14/14      EV: 12    Int: 13    God:
Gold:   65         SH:  0    Dex: 11    Spells: 4/5 levels left

rFire    . . .     SeeInvis +   a - +0 hand crossbow
rCold    . . .     Gourm    .   (no shield)
rNeg     . . .     Faith    .   f - +0 robe
rPois    .         Spirit   .   (helmet unavailable)
rElec    .         Reflect  .   (no cloak)
rCorr    .         Harm     .   (no gloves)
MR       .....                  (no boots)
Stlth    +.........             (no amulet)
HPRegen  0.11/turn              k - ring of magical power
MPRegen  0.14/turn              (no ring)

@: no status effects
A: permanent stasis, dig shafts and tunnels, four strong arms, antennae 3
a: Dig, Shaft Self


You were on level 2 of the Dungeon.
You were not hungry.

You visited 1 branch of the dungeon, and saw 2 of its levels.

You collected 65 gold pieces.

Inventory:

Hand Weapons
 a - a +0 hand crossbow (weapon)
 b - a +0 short sword
   (You found it on level 1 of the Dungeon)
Missiles
 d - 12 bolts (quivered)
Armour
 f - a +0 robe (worn)
Jewellery
 k - a ring of magical power (left hand)
   (You found it on level 1 of the Dungeon)
Scrolls
 c - a scroll of remove curse {unknown}
 g - a scroll of fear {unknown}
 i - a scroll of enchant weapon {unknown}
 m - a scroll of identify {unknown}
Potions
 h - a potion of invisibility
 j - a potion of magic {unknown}
Comestibles
 e - 2 rations


   Skills:
 + Level 2.3 Fighting
 * Level 3.4 Crossbows
 - Level 1.7 Dodging
 - Level 1.1 Spellcasting
 - Level 3.6 Hexes


You had 4 spell levels left.
You knew the following spells:

 Your Spells              Type           Power        Failure   Level  Hunger
a - Corona                Hex            ##.....      6%          1    ##.....

Your spell library contained the following spells:

 Spells                   Type           Power        Failure   Level  Hunger
 Slow                     Hex            ##......     10%         2    ###....
 Inner Flame              Hex/Fire       #.......     36%         3    ####...
 Portal Projectile        Hex/Tloc       #.....       36%         3    ####...
 Cause Fear               Hex            ##........   54%         4    #####..
 Leda's Liquefaction      Hex/Erth       #.........   78%         4    #####..


Dungeon Overview and Level Annotations

Branches:
Dungeon (2/15)

Altars:


Innate Abilities, Weirdness & Mutations

You cannot be hasted, slowed, berserked, paralysed or teleported.
You can dig through walls and to a lower floor.
Your four strong arms can wield two-handed weapons with a shield.
You have a pair of large antennae on your head. (SInv)


Message History

Done exploring.
Done exploring.
Done exploring.
Done exploring.
There is a stone staircase leading down here.
You climb downwards.
There is a stone staircase leading up here.
You open the door. 3 gnolls come into view.
The gnoll shouts! x2
The gnoll hits you from afar with a +0 spear.
a - a +0 hand crossbow (weapon)
Firing (i - inventory)
d - 19 bolts (quivered)
Aim: a gnoll, wielding a +0 spear You shoot a bolt.
The bolt hits the gnoll!
The gnoll barely misses you.
Firing (i - inventory)
d - 18 bolts (quivered)
Aim: a gnoll, wielding a +0 spear (severely wounded)
You shoot a bolt. The bolt closely misses the gnoll.
The bolt hits the gnoll.
The gnoll hits you from afar with a +0 spear.
The gnoll misses you. The gnoll barely misses you. The gnoll misses you.
Firing (i - inventory)
d - 17 bolts (quivered)
Aim: a gnoll, wielding a +0 spear (severely wounded)
You shoot a bolt. The bolt hits the gnoll!
The gnoll barely misses you.
Firing (i - inventory)
d - 16 bolts (quivered)
Aim: a gnoll, wielding a +0 spear (severely wounded)
You shoot a bolt. The bolt barely misses the gnoll. x2
The bolt hits the gnoll!
You kill the gnoll!
The gnoll hits you from afar with a +0 spear!
* * * LOW HITPOINT WARNING * * *
Firing (i - inventory)
d - 15 bolts (quivered)
Aim: a gnoll, wielding a +0 spear (severely wounded)
You shoot a bolt. The bolt barely misses the gnoll. x2
The gnoll hits you from afar with a +0 spear.
* * * LOW HITPOINT WARNING * * *
The gnoll hits you from afar with a +0 spear!
* * * LOW HITPOINT WARNING * * *
Firing (i - inventory)
d - 14 bolts (quivered)
Aim: a gnoll, wielding a +0 spear (severely wounded)
You shoot a bolt. The bolt barely misses the gnoll.
The bolt hits the gnoll!
You kill the gnoll!
You have reached level 4!
You feel clever.
The gnoll hits you from afar with a +0 spear.
* * * LOW HITPOINT WARNING * * *
Firing (i - inventory)
d - 13 bolts (quivered)
Aim: a gnoll, wielding a +0 spear (almost dead)
You shoot a bolt. The bolt closely misses the gnoll.
The gnoll hits you from afar with a +0 spear.
You die...

.# #.# #.# #.#
### #####.###...
#.........#
#.#.....##
#.##...##
##########.###@##
#......<...# #.#
#.########## #g#
#(# ((. .....
.(..... ....(....
..........+


You could see a gnoll.

Vanquished Creatures
  2 gnolls (D:2)
  A dart slug (D:1)
  A leopard gecko (D:1)
  2 bats (D:1)
  3 giant cockroaches (D:1)
  3 goblins (D:1)
  3 hobgoblins (D:1)
  5 kobolds (D:1)
  5 rats (D:1)
25 creatures vanquished.

Notes
Turn   | Place    | Note
-------+----------+-------------------------------------------
     0 | D:1      | vurker the Formicid Arcane Marksman began the quest for the
                  | Orb.
     0 | D:1      | Reached XP level 1. HP: 15/15 MP: 2/2
   140 | D:1      | Reached XP level 2. HP: 18/21 MP: 3/3
   535 | D:1      | Reached XP level 3. HP: 23/27 MP: 4/4
  1187 | D:2      | Reached XP level 4. HP: 4/33 MP: 5/5
  1188 | D:2      | Slain by a gnoll

Illustrated notes

Levels and vault maps discovered:
D:1:      matt_arrival_diagonals, layout_basic
D:2:      layout_loops_corners

Skill      XL: |  1  2  3 |
---------------+----------+-----
Crossbows      | 3 |  3.4
Fighting       | 2 |  2.3
Dodging        | |  1.7
Spellcasting   | |  1.1
Hexes          | |  3.6

Action                   |  1- 3 |  4- 6 || total
-------------------------+-------+-------++-------
Melee: Short sword       |    79 |       ||    79
 Fire: Hand crossbow     |    30 |     1 ||    31
  Eat: Chunk             |     1 |       ||     1
Armor: Robe              |    21 |       ||    21
Dodge: Dodged            |    80 |       ||    80

Table legend:
 A = Non-vault XP
 B = Vault XP
 C = Vault XP percentage of total XP
 D = Non-vault monster count
 E = Vault monster count
 F = Vault count percentage of total count
                 A         B        C        D         E       F
            +---------+---------+-------+---------+---------+-------
      Total |      69 |       0 |   0.0 |      25 |       0 |   0.0
            +---------+---------+-------+---------+---------+-------
        D:1 |      41 |       0 |   0.0 |      23 |       0 |   0.0
        D:2 |      28 |       0 |   0.0 |       2 |       0 |   0.0
            +---------+---------+-------+---------+---------+-------
